 Dungeon Crawl Stone Soup version 0.32-a0-411-g744942f433 (webtiles) character file.

Game seed: 3622084271799755671

11776 ragingrage the Cleaver (level 11, -11/90 HPs)
             Began as a Naga Shapeshifter on Feb 20, 2024.
             Was a Believer of Yredelemnul.
             Engulfed by a cloud of flame (17 damage)
             ... on level 10 of the Dungeon.
             The game lasted 00:12:40 (7929 turns).

ragingrage the Cleaver (Naga Shapeshifter)          Turns: 7929, Time: 00:12:40

Health: -11/90     AC: 12    Str: 21    XL:     11   Next: 83%
Magic:  11/11      EV: 19    Int: 10    God:    Yredelemnul [**....]
Gold:   259        SH:  0    Dex: 11    Spells: 10/10 levels left

rFire   . . .        b - +2 bardiche (venom)
rCold   . . .        (shield currently unavailable)
rNeg    . . .        S - +0 swamp dragon scales
rPois   +            m - +1 helmet
rElec   .            y - +1 cloak {Will+}
rCorr   .            n - +0 pair of gloves
SInv    +            (no barding)
Will    ++...        e - amulet of regeneration
Stlth   ++           g - +5 ring of evasion
HPRegen 1.15/turn    q - +5 ring of evasion
MPRegen 0.12/turn

%: no passive effects
@: wreathed by umbra, very slow
A: AC +3, large, see invisible, deformed body, poison resistance, slowness 2,
spit poison 1, naga tail 1
a: Spit Poison, Renounce Religion, Light the Black Torch, Recall Undead Harvest,
Hurl Torchlight


You were on level 10 of the Dungeon.
You worshipped Yredelemnul.
Yredelemnul was noncommittal.
You visited 2 branches of the dungeon, and saw 11 of its levels.

You collected 517 gold pieces.
You spent 258 gold pieces at shops.

Inventory:

Hand Weapons
 a - a +2 war axe of freezing
 b - a +2 bardiche of venom (weapon)
 J - a +1 hand axe of draining
 M - a +0 battleaxe
 T - a +0 scimitar of flaming
Missiles
 o - 44 poisoned darts (quivered)
 v - a throwing net
 I - 3 boomerangs
Armour
 m - a +1 helmet (worn)
 n - a +0 pair of gloves (worn)
 y - a +1 cloak of willpower (worn)
 S - +0 swamp dragon scales (worn)
Jewellery
 e - an amulet of regeneration (around neck)
 g - a +5 ring of evasion (left hand)
 q - a +5 ring of evasion (right hand)
 E - a +6 ring of dexterity
 G - a ring of fire
 H - the ring "Ceofeun" {+Blink Fly Str+6 Stlth+}
   (You took it off a kobold demonologist on level 7 of the Dungeon)

   [ring of strength]

   Str+6:     It affects your strength (+6).
   Fly:       It grants you flight.
   +Blink:    It lets you blink.
   Stlth+:    It makes you more stealthy.
Talismans
 c - a beast talisman
 d - a flux talisman
Wands
 p - a wand of flame (18)
 u - a wand of roots (7)
 C - a wand of mindburst (23)
 K - a wand of paralysis (2)
 O - a wand of acid (10)
Scrolls
 k - 3 scrolls of vulnerability
 r - a scroll of immolation
 s - 2 scrolls of torment
 t - a scroll of brand weapon {unknown}
 w - a scroll of enchant weapon
 x - 2 scrolls of revelation
 z - 2 scrolls of noise
 A - a scroll of teleportation
 D - 2 scrolls of butterflies
 F - 2 scrolls of fog {unknown}
 N - 4 scrolls of blinking {unknown}
 Q - a scroll of identify
Potions
 f - 2 potions of attraction
 h - 2 potions of berserk rage {unknown}
 i - a potion of heal wounds {unknown}
 j - a potion of cancellation {unknown}
 l - 2 potions of degeneration {unknown}
 B - 3 potions of curing
 L - a potion of brilliance {unknown}
 P - 2 potions of lignification
 R - a potion of enlightenment


   Skills:
 - Level 3.0 Fighting
 - Level 13.9(15.0) Axes
 + Level 9.3(12.8) Polearms
 - Level 1.5 Dodging
 - Level 3.0 Stealth
 - Level 6.3 Unarmed Combat
 - Level 4.6 Shapeshifting


You had 10 spell levels left.
You didn't know any spells.
Your spell library contained the following spells:

 Spells                   Type           Power      Damage    Failure   Level
 Slow                     Hex            0%         N/A       54%         1
 Sting                    Conj/Alch      0%         1d3       54%         1
 Call Canine Familiar     Summ           0%         N/A       88%         3
 Confusing Touch          Hex            0%         N/A       88%         3
 Hailstorm                Conj/Ice       0%         3d5       88%         3
 Sigil of Binding         Hex            0%         N/A       88%         3
 Summon Ice Beast         Ice/Summ       0%         N/A       88%         3
 Vampiric Draining        Necr           0%         2d6       88%         3
 Dimensional Bullseye     Hex/Tloc       0%         N/A       99%         4
 Iskenderun's Mystic Bla  Conj/Tloc      0%         2d3       99%         4
 Vhi's Electric Charge    Tloc/Air       0%         N/A       99%         4
 Arcjolt                  Conj/Air       0%         1d10      100%        5
 Freezing Cloud           Conj/Ice/Air   0%         6-21      100%        5
 Plasma Beam              Fire/Air       0%         2x1d10    100%        6
 Sculpt Simulacrum        Ice/Alch       0%         N/A       100%        6
 Ozocubu's Refrigeration  Ice            0%         4d7       100%        7


Dungeon Overview and Level Annotations

Branches:
Dungeon (10/15)            Temple (1/1) D:7            Lair (0/5) D:9
    Orc (0/2) D:10

Altars:
Ashenzari
Cheibriados
Dithmenos
Elyvilon
Fedhas
Gozag
Hepliaklqana
Kikubaaqudgha
Makhleb
Nemelex Xobeh
Okawaru
Qazlal
Ru
Trog
Uskayaw
Vehumet
Wu Jian
Xom
Yredelemnul
Zin
The Shining One

Shops:
D:5 ?   D:6 [

Annotations:
D:7 1 runed translucent door, exclusion: downstairs, Crazy Yiuf
D:10 6 transporters


Innate Abilities, Weirdness & Mutations

Your serpentine skin is tough. (AC +3)
You have supernaturally acute eyesight. (SInv)
Armour fits poorly on your strangely shaped body.
Your system is resistant to poisons. (rPois)
You cover ground very slowly.
You can spit poison.
You have a snake-like lower body.


Message History

The ogre explodes!
The gnoll explodes!
The fiery explosion engulfs the orc!!
Their soul becomes fuel for the torch.
The fiery explosion engulfs the orc!!!
Their soul becomes fuel for the torch.
The orc explodes! x2
The fiery explosion engulfs the orc!!!
Their soul becomes fuel for the torch.
The fiery explosion engulfs the orc!!
Their soul becomes fuel for the torch.
The orc explodes!
The fiery explosion engulfs the gnoll!!!
Their soul becomes fuel for the torch.
The fiery explosion engulfs the gnoll sergeant!!
Flame seeps out of the gnoll sergeant.
The gnoll explodes!
The fiery explosion engulfs the gnoll sergeant!!!
Their soul becomes fuel for the torch.
The gnoll sergeant explodes!
The orc explodes!
The gnoll explodes!
The orc explodes!
The troll explodes!
The orc explodes!
The gnoll sergeant explodes!
Your base Polearms skill increases to level 9!
Unknown command.
Unknown command.
Unknown command.
Unknown command.
Unknown command.
Unknown command.
Unknown command.
Unknown command.
Unknown command.
Unknown command.
Unknown command.
Unknown command.
Unknown command.
Unknown command.
Okay, then.
You feel better.
You are engulfed in blazing flames.
You die...
Your body rises from the dead as a mindless zombie.

......# #......<# ####Z## ......#
#.......# #Z# ......# ####'####
###.# ####### #..# #...# ..######
#..# #.### #ZZ)Z..# ##### #.##
#.# ######'###ߧ§§ß#.# #.#
##.......#§§§§§#§###########.####
.'.......#§§§§§)@#..............#
##.......#§§§§§#§##########.###.#
#...Z...#ߧ§° #Z# #.# #..
#####'###### #Z## #.# ### ##Z#
#..# #.# #.Z# ##.# #.# #.## #.#
#.# #####'### #.# #.# #.......#
#.# ##.#####


You could see a friendly yak zombie (inner flame) and a friendly orc priest
zombie (inner flame).

Vanquished Creatures
  Erica (D:10)
  A two-headed ogre (D:8)
  Pikel (D:6)
  Joseph (D:7)
  3 komodo dragons
  3 kobold demonologists (D:7)
  A troll (D:10)
  Prince Ribbit (D:6)
  A vampire (D:7)
  A wyvern (D:8)
  5 yaks
  3 water moccasins
  5 orc warriors
  2 sky beasts
  An ice beast (D:6)
  4 ogres
  3 centaurs
  2 phantoms
  6 kobold brigands
  Blork the orc (D:6)
  3 bullfrogs
  3 gnoll sergeants (D:10)
  2 scorpions
  A spectral kobold (D:10)
  A spectral ogre (D:10)
  6 killer bees (D:8)
  7 howler monkeys
  A crimson imp (D:5)
  A bombardier beetle (D:4)
  6 hounds
  3 jellies
  10 orc priests
  4 iguanas
  A sleepcap (D:5)
  5 orc wizards
  5 adders
  21 gnolls
  A shadow imp (D:5)
  3 white imps
  2 ufetubi (D:5)
  An orc zombie (D:10)
  3 ribbon worms
  37 orcs
  5 ball pythons
  4 bats
  10 endoplasms
  6 giant cockroaches
  41 goblins
  24 hobgoblins
  5 jackals
  6 quokkas
  3 frilled lizards
  28 kobolds
  4 rats
309 creatures vanquished.

Vanquished Creatures (collateral kills)
  Maggie (D:9)
  A komodo dragon (D:9)
  7 yaks
  A wyvern (D:9)
  An acid dragon (D:9)
  A bullfrog (D:9)
  2 howler monkeys
  An orc priest (D:8)
  An orc wizard (D:9)
  3 orcs
19 creatures vanquished.

Vanquished Creatures (others)
  A komodo dragon zombie (D:10)
  A water moccasin zombie (D:9)
  A bullfrog zombie (D:7)
  A kobold zombie (D:7)
  3 howler monkey zombies (D:10)
  5 orc zombies
12 creatures vanquished.

Grand Total: 340 creatures vanquished

Notes
Turn   | Place    | Note
-------+----------+-------------------------------------------
     0 | D:1      | ragingrage the Naga Shapeshifter began the quest for the
                  | Orb.
     0 | D:1      | Reached XP level 1. HP: 18/18 MP: 1/1
    48 | D:1      | Reached skill level 1 in Stealth
    78 | D:1      | Reached XP level 2. HP: 21/25 MP: 2/2
   383 | D:1      | Reached XP level 3. HP: 31/31 MP: 3/3
   658 | D:2      | Reached XP level 4. HP: 32/38 MP: 4/4
  1043 | D:3      | Reached XP level 5. HP: 45/45 MP: 5/5
  1264 | D:3      | Reached XP level 6. HP: 55/55 MP: 6/6
  1270 | D:3      | Reached skill level 5 in Unarmed Combat
  1369 | D:3      | Found a white marble altar of Elyvilon.
  1551 | D:4      | Found a sparkling altar of Nemelex Xobeh.
  1809 | D:4      | Found a snail-covered altar of Cheibriados.
  1826 | D:4      | Reached XP level 7. HP: 55/62 MP: 7/7
  2279 | D:5      | Entered Level 5 of the Dungeon
  2279 | D:5      | Found Faleerym's Magic Scroll Shop.
  2296 | D:5      | Bought a scroll of fear for 44 gold pieces
  2296 | D:5      | Bought a scroll of noise for 11 gold pieces
  2296 | D:5      | Bought a scroll of identify for 22 gold pieces
  2396 | D:5      | Reached skill level 1 in Axes
  2503 | D:5      | Reached skill level 2 in Axes
  2612 | D:5      | Found a burning altar of Makhleb.
  2612 | D:5      | Found a shimmering altar of Xom.
  2688 | D:5      | Reached skill level 3 in Axes
  2703 | D:5      | Reached XP level 8. HP: 58/69 MP: 8/8
  2734 | D:5      | Reached skill level 4 in Axes
  2812 | D:5      | HP: 3/69 [gnoll/+0 halberd (12)]
  3166 | D:5      | Reached skill level 5 in Axes
  3576 | D:6      | Reached skill level 6 in Axes
  3625 | D:6      | Noticed Prince Ribbit
  3629 | D:6      | Noticed Blork the orc
  3630 | D:6      | Killed Prince Ribbit
  3631 | D:6      | Reached skill level 7 in Axes
  3639 | D:6      | Killed Blork the orc
  3681 | D:6      | Reached skill level 8 in Axes
  3681 | D:6      | Reached XP level 9. HP: 75/75 MP: 9/9
  3747 | D:6      | Found Inerhomp's Armour Shoppe.
  3760 | D:6      | Bought a +1 cloak of willpower for 181 gold pieces
  3975 | D:6      | Noticed Pikel
  3982 | D:6      | Killed Pikel
  3983 | D:6      | Reached skill level 9 in Axes
  4061 | D:7      | Found a runed translucent door.
  4062 | D:7      | Noticed Crazy Yiuf
  4101 | D:7      | Identified the +5 rapier "Killer Bee's Death" {flame, rElec
                  | Int+4}
  4213 | D:7      | Reached skill level 10 in Axes
  4378 | D:7      | Noticed Joseph
  4397 | D:7      | Killed Joseph
  4606 | D:7      | Reached skill level 11 in Axes
  4624 | D:7      | Reached XP level 10. HP: 52/84 MP: 2/10
  4689 | D:7      | Found a bloodstained altar of Trog.
  4753 | D:7      | Found a glowing silver altar of Zin.
  4754 | D:7      | Found an opulent altar of Gozag.
  4901 | D:7      | Found a staircase to the Ecumenical Temple.
  4911 | Temple   | Entered the Ecumenical Temple
  4918 | Temple   | Became a worshipper of Yredelemnul the Fallen
  4945 | D:7      | Noticed a kobold demonologist
  4978 | D:7      | Noticed a soul eater
  4980 | D:7      | Identified the ring "Ceofeun" {+Blink Fly Str+6 Stlth+}
  4980 | D:7      | Noticed a kobold demonologist
  5073 | D:7      | Noticed an orange demon
  5073 | D:7      | Killed a kobold demonologist
  5074 | D:7      | Reached skill level 12 in Axes
  5143 | D:7      | Noticed a sun demon
  5147 | D:7      | Noticed a sixfirhy
  5148 | D:7      | Killed a kobold demonologist
  5149 | D:7      | Noticed a kobold demonologist
  5215 | D:7      | Noticed a soul eater
  5215 | D:7      | Killed a kobold demonologist
  5244 | D:7      | Got the Omnibus of the Chilling Impact
  5384 | D:8      | Noticed a two-headed ogre
  5836 | D:8      | Reached skill level 13 in Axes
  5988 | D:8      | Reached * piety under Yredelemnul
  6139 | D:8      | Killed a two-headed ogre
  6522 | D:9      | Reached skill level 1 in Polearms
  6568 | D:9      | Reached XP level 11. HP: 77/90 MP: 11/11
  6763 | D:9      | Reached skill level 5 in Polearms
  7034 | D:9      | Found a staircase to the Lair.
  7208 | D:9      | Noticed Maggie
  7218 | D:9      | Killed Maggie
  7218 | D:9      | Reached ** piety under Yredelemnul
  7327 | D:10     | Entered Level 10 of the Dungeon
  7340 | D:10     | Found a transporter.
  7344 | D:10     | Found a transporter.
  7668 | D:10     | Found a transporter.
  7670 | D:10     | Noticed Erica
  7679 | D:10     | Killed Erica
  7680 | D:10     | Found a transporter.
  7704 | D:10     | Found an ornate altar of the Wu Jian Council.
  7747 | D:10     | Found a transporter.
  7753 | D:10     | Found a transporter.
  7919 | D:10     | Found a staircase to the Orcish Mines.
  7928 | D:10     | HP: 1/90 [spore (27)]
  7929 | D:10     | Engulfed by a cloud of flame

Illustrated notes

Levels and vault maps discovered:
D:1:      roderic_chinese_lattice_arrival, layout_basic, hangedman_decor_lopped,
          minmay_tetromino_i2
D:2:      layout_rooms
D:3:      cheibrodos_fertilizer, layout_basic, lemuel_coloured_pillars_altar
D:4:      layout_basic, mainiacjoe_overflow_concentric_impassable,
          lemuel_crystal_altar
D:5:      minmay_goblin_kobold_castle, layout_rooms,
          grunt_temple_overflow_champion_of_chaos, serial_shops,
          nicolae_stop_n_shop_2
D:6:      layout_basic, serial_shops, kennysheep_little_box, uniq_blork_the_orc,
          uniq_prince_ribbit1, uniq_pikel
D:7:      layout_loops_cross, grunt_temple_overflow_gold_and_silver,
          trog_antimagical, minmay_temple_entry_glassed_door,
          serial_library_regret_index_headful, uniq_crazy_yiuf_cottage,
          uniq_joseph
D:8:      layout_basic
D:9:      layout_irregular_city, erik_lair_dragon, grunt_ministairs_11,
          minivault_4, uniq_maggie
D:10:     layout_roguey, lemuel_blue_sif_altar,
          pdpol_wu_jian_five_deadly_venoms,
          kennysheep_orc_monster_closet_entryway, serial_nicolae_subway,
          nicolae_sub_station_stone, nicolae_sub_station_metal,
          nicolae_sub_station_crystal, uniq_erica
Temple:   nicolae_temple_no_exploring_needed

Skill      XL: |  1  2  3  4  5  6  7  8  9 10 11 |
---------------+----------------------------------+-----
Stealth        | 1 2 3 |  3.0
Unarmed Combat | 4 5 6 |  6.3
Fighting       | 2 3 |  3.0
Shapeshifting  | 4 |  4.6
Axes           | 3 8 11 13 | 13.9
Polearms       | 3 9 |  9.3
Dodging        | |  1.5

Action                     |  1- 3 |  4- 6 |  7- 9 | 10-12 || total
---------------------------+-------+-------+-------+-------++-------
  Melee: Unarmed           |    64 |   162 |    23 |       ||   249
         Punch             |     1 |     5 |     2 |       ||     8
         War axe           |       |       |   299 |   187 ||   486
         Bardiche          |       |       |       |   121 ||   121
  Throw: Dart              |       |       |     3 |     5 ||     8
         Throwing net      |       |       |     1 |       ||     1
 Invoke: Light the Black T |       |       |       |     4 ||     4
Ability: Spit Poison       |    10 |    23 |    13 |     3 ||    49
  Evoke: Wand              |       |       |     1 |     4 ||     5
    Use: Scroll            |       |       |     6 |     5 ||    11
         Potion            |       |       |     6 |     1 ||     7
   Stab: Sleeping          |     1 |       |       |     4 ||     5
         Distracted        |       |       |     1 |     3 ||     4
 Armour: Animal skin       |    12 |       |       |       ||    12
         Scale mail        |    50 |   123 |   289 |   153 ||   615
         Skin              |       |       |     7 |       ||     7
         Swamp dragon scal |       |       |       |    25 ||    25
  Dodge: Dodged            |    19 |    47 |   270 |   268 ||   604
         Form:             |       |       |     1 |       ||     1

Table legend: (Time is in decaauts)
 A = Elapsed time spent in this place.
 B = Non-inter-level travel time spent in this place.
 C = Inter-level travel time spent in this place.
 D = Time resting spent in this place.
 E = Time spent auto-exploring this place.
 F = Levels seen in this place.
 G = Mean time per level.
                   A        B        C        D        E       F      G
               +--------+--------+--------+--------+--------+-----+--------+
         Total |  10329 |   9817 |    512 |    371 |   7427 |  11 |  939.0 |
       Dungeon |  10259 |   9765 |    494 |    323 |   7427 |  10 | 1025.9 |
        Temple |     70 |     52 |     18 |     48 |      0 |   1 |   70.0 |
               +--------+--------+--------+--------+--------+-----+--------+

Top non-repeatable levels by time:
     D:7: 1692 daAuts
     D:5: 1488 daAuts
     D:8: 1324 daAuts
     D:9: 1204 daAuts
     D:4: 1140 daAuts
     D:3: 931 daAuts
    D:10: 803 daAuts
     D:1: 789 daAuts
     D:6: 649 daAuts
     D:2: 235 daAuts
  Temple: 70 daAuts
